 Dungeon Crawl Stone Soup version bcrawl-1.41 (webtiles) character file.

Game seed: 15105197335487720067

114992 yrara the Skirmisher (level 3, -5/29 HPs)
             Began as a Demonspawn Fighter on Mar 26, 2024.
             Slain by a gnoll
             ... wielding a +0 club
              (8 damage)
             ... on level 1 of the Dungeon.
             The game lasted 00:00:45 (1203 turns).

yrara the Skirmisher (Demonspawn Fighter)           Turns: 1203, Time: 00:00:46

Health: -5/29      AC:  6    Str: 21    XL:     3   Next: 28%
Magic:  4/4        EV: 11    Int:  9    God:
Gold:   102        SH:  0    Dex: 13    Spells: 2/2 levels left

rFire    . . .     GDR:     28% a - +0 flail
rCold    . . .     SeeInvis .   (no shield)
rNeg     . . .     Gourm    .   b - +0 scale mail
rPois    .         Faith    .   (no helmet)
rElec    .         Spirit   .   (no cloak)
rCorr    .         Reflect  .   (no gloves)
MR       .....                  (no boots)
Stlth    +.........             (no amulet)
HPRegen  0.14/turn              (no ring)
MPRegen  0.09/turn              (no ring)

@: mighty
A: repulsion field 1, nightstalker 1
a: no special abilities


You were on level 1 of the Dungeon.
You were near starving.

You visited 1 branch of the dungeon, and saw 2 of its levels.

You collected 102 gold pieces.

Inventory:

Hand Weapons
 a - a +0 flail (weapon)
Missiles
 l - 170 arrows
Armour
 b - a +0 scale mail (worn)
 c - a +0 medium shield
Potions
 f - a potion of invisibility {unknown}
 h - a potion of resistance {unknown}
 i - 2 potions of heal wounds {unknown}
 k - a potion of flight {unknown}
 m - a potion of ambrosia {unknown}
 n - a potion of cancellation {unknown}
Comestibles
 e - 2 rations {!d}


   Skills:
 + Level 3.2 Fighting
 * Level 2.7 Maces & Flails
 + Level 3.1 Armour
 + Level 0.2 Dodging
 - Level 2.6 Shields


You had 2 spell levels left.
You didn't know any spells.
Your spell library was empty.

Dungeon Overview and Level Annotations

Branches:
Dungeon (2/12)

Altars:


Innate Abilities, Weirdness & Mutations

You are surrounded by a mild repulsion field. (EV +2)
You are slightly more attuned to the shadows.


Message History

You feel very mighty all of a sudden. The goblin hits you but does no damage.
The gnoll hits you from afar with a +0 spear.
The gnoll hits you with a +0 club.
You closely miss the gnoll. The gnoll barely misses you. The goblin misses you.
The gnoll misses you. The gnoll barely misses you.
The gnoll hits you with a +0 club.
You sock the gnoll!
The gnoll is severely wounded.
The gnoll misses you. The goblin hits you but does no damage.
The gnoll hits you with a +0 club.
* * * LOW HITPOINT WARNING * * *
The gnoll misses you.
You barely miss the gnoll.
The gnoll is severely wounded.
The gnoll hits you from afar with a +0 spear.
* * * LOW HITPOINT WARNING * * *
The goblin closely misses you. The gnoll hits you but does no damage.
The gnoll hits you with a +0 club!
You die...

#8...8######..#.....### #.#
##.#.##.....#.#.......# ######.#
#8.#.8#..#..#..#'##...# #....#.#
##.#.##.###.##.#.##...####....#.#
#8.#.8#.###.##.#.####....'....'.#
##.#.##..#..##.#.# #.####....###
#8...8#.....##.g.# #.# #######.
###'###.....###gg# #.#####...##.
...............g@# #.##..'......
###.########.##### #.##+##...##.
...........#.# #.#...######.
.)...####..#.# #.#...# #.
.......##..#.# #.#...# ##
.......#...#.# ####.#...#
.##....#...+.# #.......##
.##....#...### #.......########
.##....#...# #...............


You could see 3 gnolls and a goblin.

Vanquished Creatures
  A gnoll (D:1)
  An ooze (D:2)
  2 leopard geckos (D:2)
  3 goblins (D:1)
  2 hobgoblins (D:1)
  4 jackals (D:1)
  4 bats
  2 frilled lizards (D:1)
  3 kobolds (D:1)
22 creatures vanquished.

Notes
Turn   | Place    | Note
-------+----------+-------------------------------------------
     0 | D:1      | yrara the Demonspawn Fighter began the quest for the Orb.
     0 | D:1      | Reached XP level 1. HP: 18/18 MP: 2/2
   316 | D:1      | Gained mutation: You are surrounded by a mild repulsion
                  | field. (EV +2) [demonic ancestry]
   316 | D:1      | Reached XP level 2. HP: 24/24 MP: 3/3
  1130 | D:2      | Gained mutation: You are slightly more attuned to the
                  | shadows. [demonic ancestry]
  1130 | D:2      | Reached XP level 3. HP: 20/29 MP: 4/4
  1203 | D:1      | Slain by a gnoll

Skill      XL: |  1  2 |
---------------+-------+-----
Maces & Flails | 2 |  2.7
Armour         | 3 |  3.1
Fighting       | |  3.2
Dodging        | |  0.2
Shields        | |  2.6

Action                   || total
-------------------------++-------
Melee: Flail             ||    83
  Use: Scroll            ||     1
       Potion            ||     1
  Eat: Chunk             ||     1
Armor: Scale mail        ||    47
Dodge: Dodged            ||    76
